 Dungeon Crawl Stone Soup version 0.20.0-15-g7f486f2 (webtiles) character file.

4253 panicbit the Cleaver (level 10, -1/86 HPs)
             Began as a Minotaur Fighter on June 25, 2017.
             Was an Elder of Okawaru.
             Slain by a two-headed ogre
             ... wielding a +0 giant club
              (22 damage)
             ... on level 8 of the Dungeon.
             The game lasted 00:35:19 (7175 turns).

panicbit the Cleaver (Minotaur Fighter)             Turns: 7175, Time: 00:35:19

Health: -1/86      AC: 11    Str: 24    XL:     10   Next: 10%
Magic:  9/9        EV: 12    Int:  5    God:    Okawaru [****..]
Gold:   197        SH: 11    Dex: 10    Spells: 9/9 levels left

rFire    . . .     SeeInvis .   a - +0 war axe
rCold    . . .     Gourm    .   c - +0 shield
rNeg     . . .     Faith    .   b - +0 scale mail
rPois    .         Spirit   .   (helmet restricted)
rElec    .         Reflect  .   (no cloak)
rCorr    .         Harm     .   G - +0 pair of gloves
MR       +....                  y - +0 pair of boots
Stlth    ..........             (no amulet)
Regen    0.3/turn               K - +2 ring of evasion
MPRegen  0.2/turn               u - ring of protection from magic

@: no status effects
A: retaliatory headbutt, horns 2
a: Heroism, Renounce Religion


You were on level 8 of the Dungeon.
You worshipped Okawaru.
Okawaru was greatly pleased with you.
You were not hungry.

You visited 2 branches of the dungeon, and saw 9 of its levels.

You collected 367 gold pieces.
You spent 170 gold pieces at shops.

Inventory:

Hand Weapons
 a - a +0 war axe (weapon)
 w - a +0 flail
 N - a +0 mace of distortion
Armour
 b - a +0 scale mail (worn)
 c - a +0 shield (worn)
 y - a +0 pair of boots (worn)
 G - a +0 pair of gloves (worn)
Jewellery
 s - an uncursed ring of positive energy
 u - a ring of protection from magic (right hand)
 C - an uncursed ring of magical power
 I - an uncursed ring of teleportation
 K - a +2 ring of evasion (left hand)
Wands
 j - a wand of paralysis (13/24)
 E - a wand of random effects (14/48)
 F - a wand of flame (20/48)
Scrolls
 e - 6 scrolls of identify
 g - 2 scrolls of enchant weapon
 h - 3 scrolls of blinking {unknown}
 k - 2 scrolls of remove curse
 l - 2 scrolls of amnesia {unknown}
 m - 3 scrolls of recharging {unknown}
 n - 3 scrolls of fear
 o - 3 scrolls of teleportation {unknown}
 v - a scroll of enchant armour {unknown}
 D - a scroll of magic mapping {unknown}
 H - a scroll of fog {unknown}
Potions
 d - a potion of might
 p - a potion of brilliance {unknown}
 r - 5 potions of haste {unknown}
 t - a potion of cancellation {unknown}
 A - 3 potions of curing
 B - a potion of magic {unknown}
 L - 2 potions of mutation {unknown}
 M - a potion of ambrosia {unknown}
Comestibles
 f - 9 bread rations
 i - 3 meat rations
 q - 6 chunks of flesh
 x - 2 royal jellies


   Skills:
 + Level 7.6 Fighting
 + Level 11.7 Axes
 + Level 8.5 Armour
 + Level 3.2 Dodging
 + Level 1.3 Stealth
 + Level 7.8 Shields
 + Level 0.2 Invocations


You had 9 spell levels left.
You didn't know any spells.

Dungeon Overview and Level Annotations

Branches:
Dungeon (8/15)             Temple (1/1) D:6            Lair (0/6) D:8

Altars:
Ashenzari
Cheibriados
Dithmenos
Elyvilon
Fedhas
Gozag
Kikubaaqudgha
Makhleb
Nemelex Xobeh
Okawaru
Qazlal
Ru
Sif Muna
Trog
Uskayaw
Vehumet
Xom
Yredelemnul
Zin
The Shining One

Shops:
D:4 *


Innate Abilities, Weirdness & Mutations

You reflexively headbutt those who attack you in melee.
You have a pair of horns on your head.


Message History

a glaive of flaming; 22 stones; a scale mail You see here 5 scrolls of noise.
There is a stone staircase leading down here.
A two-headed ogre comes into view.
It is wielding a giant club and a dire flail of protection.
The two-headed ogre shouts in stereo!
The two-headed ogre hits you with a giant club!!
The two-headed ogre hits you with a dire flail of protection!
You slash the two-headed ogre!
Your headbutt misses the two-headed ogre.
The two-headed ogre is moderately wounded.
The two-headed ogre misses you.
The two-headed ogre hits you with a dire flail of protection!
You slash the two-headed ogre! You headbutt the two-headed ogre!
The two-headed ogre is severely wounded.
The two-headed ogre hits you with a giant club!
The two-headed ogre hits you with a dire flail of protection!
* * * LOW HITPOINT WARNING * * *
You fail to use your ability.
The two-headed ogre hits you with a giant club!!
You die...

####.#.#########..##....##.##...÷
...#..........<#......####..'....
##.#.....#######...#..# ####....
#.'.....# #.#.#..## #....
####..)..#######.#.#...## #....
...'.....'.........#.#..# #....
####.....#######.#...#.># #....
.(...................#.## #....
..........#....O@......# ####
....#####.#......###.#######
....# #.##.###.# #.#.....# ....#
#.##.###.# #>#÷###.# ....#
#.##.....# #.#.# #.###### #####
#.######## #.#.# #.......
#.##########.?)##########
#......#.....##.....#....
###.##.#.###.##.###.#.###


You could see a two-headed ogre.

Vanquished Creatures
  Pikel (D:8)
  An ugly thing (D:8)
  Prince Ribbit (D:6)
  Sigmund (D:2)
  A spriggan (D:7)
  A hungry ghost (D:8)
  Grum (D:8)
  A sky beast (D:7)
  3 orc warriors (D:7)
  An ice beast (D:7)
  A slave (D:8)
  2 ogres (D:7)
  A phantom (D:8)
  A centaur (D:7)
  3 wolves (D:8)
  2 big kobolds
  3 bullfrogs (D:8)
  3 killer bees (D:7)
  A scorpion (D:4)
  4 wights (D:7)
  A crimson imp (D:8)
  5 hounds
  2 jellies
  4 orc wizards (D:7)
  5 orc priests
  Ijyb (D:5)
  Jessica (D:2)
  2 iguanas
  2 worker ants
  8 gnolls
  10 adders
  A shadow imp (D:5)
  An adder skeleton (D:4)
  6 worms
  3 dart slugs (D:2)
  4 leopard geckos
  27 orcs
  3 giant cockroaches
  6 goblins
  7 hobgoblins
  12 jackals
  6 quokkas
  2 ball pythons
  9 bats
  9 frilled lizards
  16 kobolds
  8 rats
194 creatures vanquished.

Vanquished Creatures (others)
  3 slaves (D:8)
  An orc wizard (D:5)
4 creatures vanquished.

Grand Total: 198 creatures vanquished

Notes
Turn   | Place    | Note
-------+----------+-------------------------------------------
     0 | D:1      | panicbit the Minotaur Fighter began the quest for the Orb.
     0 | D:1      | Reached XP level 1. HP: 19/19 MP: 0/0
   232 | D:1      | Reached XP level 2. HP: 26/27 MP: 1/1
   591 | D:1      | Reached skill level 3 in Axes
   906 | D:2      | Reached XP level 3. HP: 33/33 MP: 2/2
   909 | D:2      | Noticed Jessica
  1144 | D:2      | Killed Jessica
  1144 | D:2      | Reached XP level 4. HP: 35/40 MP: 3/3
  1171 | D:2      | Reached skill level 4 in Axes
  1220 | D:2      | Noticed Sigmund
  1245 | D:2      | Killed Sigmund
  1245 | D:2      | Reached skill level 5 in Axes
  1245 | D:2      | Reached skill level 1 in Dodging
  1245 | D:2      | Reached XP level 5. HP: 17/47 MP: 4/4
  1245 | D:2      | Reached XP level 6. HP: 19/53 MP: 5/5
  1815 | D:2      | Reached skill level 5 in Armour
  2957 | D:4      | Reached skill level 6 in Axes
  2999 | D:4      | Found a burning altar of Makhleb.
  3183 | D:4      | Found Caskot's General Store.
  3202 | D:4      | Bought a scroll of fear for 35 gold pieces
  3202 | D:4      | Bought 2 fruits for 30 gold pieces
  3202 | D:4      | Bought a scroll of remove curse for 30 gold pieces
  3202 | D:4      | Bought a scroll of enchant weapon for 75 gold pieces
  3259 | D:4      | Found a shadowy altar of Dithmenos.
  3572 | D:4      | Reached XP level 7. HP: 56/60 MP: 6/6
  3609 | D:5      | Entered Level 5 of the Dungeon
  3675 | D:5      | Found an ancient bone altar of Kikubaaqudgha.
  3682 | D:5      | Noticed Ijyb
  3685 | D:5      | Killed Ijyb
  3685 | D:5      | Reached skill level 5 in Shields
  3928 | D:5      | Found a radiant altar of Vehumet.
  3984 | D:5      | Found a sacrificial altar of Ru.
  4070 | D:5      | Found a white marble altar of Elyvilon.
  4188 | D:6      | Found a staircase to the Ecumenical Temple.
  4202 | Temple   | Entered the Ecumenical Temple
  4315 | Temple   | Became a worshipper of Warmaster Okawaru
  4508 | D:6      | Noticed Prince Ribbit
  4518 | D:6      | Killed Prince Ribbit
  4518 | D:6      | Reached skill level 5 in Fighting
  4518 | D:6      | Reached skill level 7 in Axes
  4518 | D:6      | Reached skill level 1 in Stealth
  4676 | D:6      | Reached * piety under Okawaru
  4847 | D:6      | Reached XP level 8. HP: 67/68 MP: 7/7
  5032 | D:7      | Reached skill level 8 in Axes
  5184 | D:8      | Noticed Grum
  5195 | D:7      | Reached ** piety under Okawaru
  5196 | D:7      | Reached skill level 9 in Axes
  5546 | D:7      | Reached skill level 10 in Axes
  5546 | D:7      | Reached XP level 9. HP: 51/78 MP: 8/8
  5750 | D:7      | Reached *** piety under Okawaru
  6419 | D:8      | Found a staircase to the Lair.
  6447 | D:8      | Noticed a red ugly thing
  6461 | D:8      | Killed a red ugly thing
  6779 | D:8      | Noticed Pikel
  6788 | D:8      | Killed Pikel
  6788 | D:8      | Reached **** piety under Okawaru
  6788 | D:8      | Reached skill level 11 in Axes
  6939 | D:8      | Reached XP level 10. HP: 74/86 MP: 9/9
  6947 | D:8      | Killed Grum
  7169 | D:8      | Noticed a two-headed ogre
  7175 | D:8      | Slain by a two-headed ogre

Skill      XL: |  1  2  3  4  5  6  7  8  9 |
---------------+----------------------------+-----
Fighting       | 4 5 6 7 |  7.6
Armour         | 4 5 6 7 8 |  8.5
Axes           | 3 5 6 7 10 11 | 11.7
Shields        | 4 5 7 |  7.8
Dodging        | 1 2 3 |  3.2
Stealth        | 1 |  1.3
Invocations    | |  0.2

Action                   |  1- 3 |  4- 6 |  7- 9 | 10-12 || total
-------------------------+-------+-------+-------+-------++-------
Melee: War axe           |    73 |   168 |   312 |    26 ||   579
       Headbutt          |     5 |    34 |    46 |     5 ||    90
Invok: Heroism           |       |       |     2 |       ||     2
  Use: Potion            |     1 |       |     1 |       ||     2
       Scroll            |       |       |     3 |       ||     3
  Eat: Royal jelly       |     1 |     1 |     1 |       ||     3
       Chunk             |       |     4 |     6 |     1 ||    11
       Fruit             |       |     1 |     6 |       ||     7
Armor: Scale mail        |    33 |    52 |    82 |     7 ||   174
Dodge: Dodged            |    33 |    62 |    98 |    11 ||   204
Block: Shield            |    29 |    86 |   147 |     9 ||   271
